cohdb
Replays
Latest Replays
All Replays
Popular Replays
Top Player Replays
Match Explorer
How It Works
Community
CoH3 Stats
Reddit
Sign in to upload your games and track your stats! →
Sign in with Steam
Match 44659979
Unlisted
Match 44659979
Overview
Messages
Build Orders
End
Panzergrenadier Squad
Panzergrenadier Squad
250 Light Carrier
Construct Light Support Kompanie
Panzergrenadier Squad
Combat Half-tracks
2.5-tonne Medical Truck
Forward Retreat Point
Selects Panzerjäger Kommand Battlegroup
Selects Blockade Equipment
Construct Mechanized Kompanie
Veteran Squad Leaders
Selects Early Warning
Selects Butterfly Bomb Drop
Selects Tank Busters
Construct Panzerarmee Kommand
Armored Reserves
Butterfly Bomb Drop
Emergency Repair Kits
Vehicle Survival Package
Butterfly Bomb Drop
Tiger Heavy Tank
Rapid Advance
Tungsten Core Ammunition
Butterfly Bomb Drop
Advanced Optics
Advanced Field Repairs
Support Armor Elements
Early Warning
Selects Crew Shock Tactics
Butterfly Bomb Drop
Early Warning
Butterfly Bomb Drop
18-tonne Recovery Half-track
Butterfly Bomb Drop
Selects Elefant Tank Destroyer
Xampoo - ♛
VONPESTER
Rômiou
joão
nutts77771
usbc
admiral_gnar
⛧မြင်သွေးအ
0
0
Comments
sign in to comment!
No comments posted yet!